 Dungeon Crawl Stone Soup version 0.29.1-1-gd02db6906a (webtiles) character file.

Game seed: 7328897801880793403

52411 corgi the Marksminotaur (level 14, -4/130 HPs)
             Began as a Minotaur Hunter on Oct 8, 2022.
             Was a High Priest of Okawaru.
             Slain by a swamp worm (25 damage)
             ... called by a spriggan druid
             ... on level 1 of the Swamp on Oct 9, 2022.
             The game lasted 01:40:07 (18539 turns).

corgi the Marksminotaur (Minotaur Hunter)          Turns: 18539, Time: 01:40:08

Health: -4/130     AC: 28    Str: 22    XL:     14   Next: 27%
Magic:  16/18      EV: 18    Int:  6    God:    Okawaru [*****.]
Gold:   822        SH:  0    Dex: 21    Spells: 13/13 levels left

rFire   + . .      SeeInvis +   a - +8 longbow of the Moth {vorpal, rF+ Str+4}
rCold   + . .      Faith    .   (shield currently unavailable)
rNeg    + . .      Spirit   .   u - +5 chain mail of the Sacrificial Victim {Str+3}
rPois   +          Reflect  .   J - +2 hat {Will+}
rElec   .          Harm     .   m - +2 cloak {rPois}
rCorr   .          Rampage  .   o - +1 pair of gloves "Guwkol" {rC+ rN+ Regen+ Dex-5 Slay+2}
Will    ++...                   D - +0 pair of boots
Stlth   ..........              (no amulet)
HPRegen 1.11/turn               H - ring of see invisible
MPRegen 0.16/turn               t - +6 ring of dexterity

@: about to teleport, heroic, studying Polearms
A: horns 2, retaliatory headbutt
a: Renounce Religion, Heroism, Finesse, Duel


You were on level 1 of the Swamp.
You worshipped Okawaru.
Okawaru was extremely pleased with you.
You visited 5 branches of the dungeon, and saw 18 of its levels.

You collected 1002 gold pieces.
You spent 180 gold pieces at shops.

Inventory:

Hand Weapons
 a - the +8 longbow of the Moth (weapon) {vorpal, rF+ Str+4}
   (Okawaru gifted it to you on level 2 of the Lair of Beasts)

   Any ammunition fired from it inflicts extra damage upon your enemies.
   Str:       It affects your strength (+4).
   rF:        It protects you from fire.
 b - a +3 scimitar of flaming
 e - a +2 arbalest of freezing
 v - a +0 shortbow of electrocution
 x - a +0 demon blade of freezing
Armour
 l - a +0 ring mail
 m - a +2 cloak of poison resistance (worn)
 o - the +1 pair of gloves "Guwkol" (worn) {rC+ rN+ Regen+ Dex-5 Slay+2}
   (Okawaru gifted it to you on level 8 of the Dungeon)

   Dex:       It affects your dexterity (-5).
   Slay:      It affects your accuracy & damage with ranged weapons and melee
   (+2).
   rC:        It protects you from cold.
   rN:        It protects you from negative energy.
   Regen:     It increases your rate of health regeneration.
 s - a +0 pair of gloves
 u - the +5 chain mail of the Sacrificial Victim (worn) {Str+3}
   (You bought it in a shop on level 2 of the Orcish Mines)

   Str:       It affects your strength (+3).
 w - a +7 crystal plate armour of ponderousness
 y - a +1 cloak of preservation
 z - the +1 hat of Peapsow {rC+}
   (Okawaru gifted it to you on level 2 of the Lair of Beasts)

   rC:        It protects you from cold.
 D - a +0 pair of boots (worn)
 J - a +2 hat of willpower (worn)
Jewellery
 c - a ring of resist corrosion
 j - a +6 ring of strength
 t - a +6 ring of dexterity (right hand)
 F - a ring of fire
 H - a ring of see invisible (left hand)
 K - a +6 ring of intelligence
Wands
 p - a wand of digging (14)
Scrolls
 h - 7 scrolls of immolation
 k - a scroll of brand weapon
 n - 6 scrolls of teleportation
 B - 10 scrolls of identify
 E - 2 scrolls of butterflies
 G - a scroll of vulnerability
Potions
 d - a potion of resistance
 f - 3 potions of haste
 g - a potion of flight
 i - 8 potions of curing
 q - 3 potions of invisibility
 r - 4 potions of might


   Skills:
 - Level 13.8(18.8) Fighting
 - Level 5.6(12.5) Short Blades
 - Level 8.4(14.3) Long Blades
 - Level 1.1(6.1) Maces & Flails
 * Level 16.5(21.5) Ranged Weapons
 - Level 11.0(16.0) Armour
 - Level 10.4(15.4) Dodging
 - Level 0.7(5.7) Stealth
 - Level 1.0(6.0) Unarmed Combat
 - Level 7.0 Invocations


You had 13 spell levels left.
You didn't know any spells.
Your spell library contained the following spells:

 Spells                   Type           Power      Damage    Failure   Level
 Sting                    Tmut/Pois      0%         1d3       92%         1
 Blink                    Tloc           0%         N/A       98%         2
 Poisonous Vapours        Pois/Air       0%         N/A       98%         2
 Static Discharge         Conj/Air       0%         3-3/arc   98%         2
 Ignite Poison            Fire/Tmut/Pois 0%         N/A       100%        3
 Lesser Beckoning         Tloc           0%         N/A       100%        3
 Mephitic Cloud           Conj/Pois/Air  0%         N/A       100%        3
 Olgreb's Toxic Radiance  Pois           0%         N/A       100%        4
 Fireball                 Conj/Fire      0%         3d3       100%        5
 Freezing Cloud           Conj/Ice/Air   0%         6-21      100%        5
 Lightning Bolt           Conj/Air       0%         1d11      100%        5
 Manifold Assault         Tloc           0%         N/A       100%        5
 Eringya's Noxious Bog    Tmut/Pois      0%         N/A       100%        6
 Starburst                Conj/Fire      0%         6d3       100%        6
 Storm Form               Tmut/Air       0%         N/A       100%        7
 Ignition                 Fire           0%         3d3       100%        8
 Maxwell's Capacitive Co  Air            0%         ∞         100%        8
 Summon Forest            Summ/Tloc      Unusable   N/A       N/A         5
 Summon Hydra             Summ           Unusable   N/A       N/A         7

Dungeon Overview and Level Annotations

Branches:
Dungeon (9/15)             Temple (1/1) D:5            Lair (5/5) D:9
  Swamp (1/4) Lair:3        Snake (0/4) Lair:3        Slime (0/5) Lair:5
    Orc (2/2) D:9
    Elf: Orc:2

Altars:
Ashenzari
Cheibriados
Dithmenos
Elyvilon
Fedhas
Gozag
Hepliaklqana
Kikubaaqudgha
Makhleb
Nemelex Xobeh
Okawaru
Qazlal
Ru
Sif Muna
Trog
Uskayaw
Vehumet
Wu Jian
Xom
Yredelemnul
Zin
The Shining One
Jiyva

Shops:
Orc:2 [:(?


Innate Abilities, Weirdness & Mutations

You have a pair of horns on your head.
You reflexively headbutt those who attack you in melee.


Message History

Aim: a spriggan druid, wielding a +0 quarterstaff and wearing a +0 robe (heavily wounded, 65% to hit)
You shoot an arrow. The arrow hits the spriggan druid!!
With its final breath, the spriggan druid offers up its power to the beasts of the wild!
The swamp worm is healed.
The swamp worm seems to grow more fierce.
The alligator seems to grow more fierce.
The swamp worm seems to grow more fierce.
You kill the spriggan druid!
Okawaru accepts your kill.
You hear a splash. x2
The swamp worm completely misses you. You furiously retaliate!
You headbutt the swamp worm. The swamp worm closely misses you.
You furiously retaliate!
You headbutt the swamp worm.
The alligator puts on a burst of speed!
The swamp worm attacks as you move away!
The swamp worm completely misses you.
The swamp worm fires a harpoon shot at you.
The harpoon shot hits you!!
* * * LOW HITPOINT WARNING * * *
You are yanked forward by the harpoon shot.
The alligator bites you but does no damage.
The alligator barely misses you. The alligator closely misses you.
You furiously retaliate!
You headbutt the alligator, but do no damage.
The alligator tail-slaps you but does no damage.
The swamp worm misses you. You furiously retaliate!
You headbutt the swamp worm.
As you read the scroll of teleportation, it crumbles to dust.
You feel strangely unstable. The swamp worm bites you.
* * * LOW HITPOINT WARNING * * *
A swamp dragon comes into view.
The alligator closely misses you. You furiously retaliate!
You headbutt the alligator!
The alligator tail-slaps you but does no damage.
The alligator completely misses you. The alligator misses you.
The swamp worm completely misses you. You furiously retaliate!
You headbutt the swamp worm!
A six-headed hydra comes into view.
The goliath frog misses you. The swamp worm bites you!!
You die...

♣♣ ♣♣♣♣ ♣♣♣~♣♣~~♣♣
♣♣♣~~~..~~.♣♣
....~~~.~~.~♣
~~..~~w..~♣
~~?.~~~@t.♣♣♣
..^...tw...~♣♣
~§~~~..:F)...♣
~~~~~~~.~§.|.♣♣♣♣
~~~~~~~~~..w....♣♣.
~~~~~~~~...<..≈≈.~.
D~~...~~≈≈..≈≈≈≈≈..
.♣~~♣~~≈≈≈≈≈≈D≈≈≈..
♣♣.§♣~.≈≈≈≈≈≈≈≈≈.~


You could see 2 alligators, a six-headed hydra, a swamp dragon (wandering), a
goliath frog and 3 swamp worms.

Vanquished Creatures
  Josephine (Lair:5)
  6 hydras
  A two-headed ogre (D:9)
  Erica (Lair:2)
  5 orc high priests (Orc:2)
  A spriggan druid (Swamp:1)
  Pikel (D:5)
  10 orc knights
  A manticore (D:6)
  An oklob plant (Lair:2)
  3 orc sorcerers (Orc:1)
  12 elephants
  4 black mambas
  Joseph (D:7)
  2 torpor snails
  9 cane toads
  7 komodo dragons
  A rime drake (Lair:2)
  A tyrant leech (Lair:3)
  2 polar bears (Lair:5)
  2 trolls
  A bloated husk (Swamp:1)
  9 dream sheep (Lair:5)
  2 hornets
  7 blink frogs (Lair:5)
  Prince Ribbit (D:7)
  34 yaks
  5 wyverns
  3 basilisks
  A fire elemental (Lair:2)
  3 wraiths (Lair:5)
  A steam dragon (D:8)
  3 vampire mosquitoes (Swamp:1)
  2 nagas (Lair:3)
  2 wargs
  An acid dragon (D:7)
  3 swamp worms
  17 water moccasins
  23 orc warriors
  3 ice beasts
  A black bear (D:7)
  46 wolves
  6 ogres
  5 centaurs
  A lemure (D:5)
  3 phantoms
  4 necrophages
  20 bullfrogs
  A gnoll sergeant (D:7)
  A scorpion (D:6)
  5 wights (D:8)
  7 killer bees
  A howler monkey (D:9)
  An electric eel (D:9)
  33 orc priests
  5 hounds
  3 jellies
  Crazy Yiuf (D:4)
  6 iguanas
  14 orc wizards
  4 hell rats (Lair:2)
  5 gnolls
  8 adders
  A shadow imp (D:8)
  4 dart slugs
  73 orcs
  3 bats (D:2)
  9 endoplasms
  2 giant cockroaches (D:4)
  2 goblins
  10 hobgoblins
  14 jackals
  3 quokkas
  3 ball pythons
  A frilled lizard (D:3)
  6 kobolds
  3 rats (D:2)
508 creatures vanquished.

Vanquished Creatures (others)
  A bush (D:9)
  45 fungi
  67 plants
113 creatures vanquished.

Grand Total: 621 creatures vanquished

Notes
Turn   | Place    | Note
-------+----------+-------------------------------------------
     0 | D:1      | corgi the Minotaur Hunter began the quest for the Orb.
     0 | D:1      | Reached XP level 1. HP: 18/18 MP: 0/0
   307 | D:1      | Found a faded altar of an unknown god.
   694 | D:2      | Noticed a jelly
   697 | D:2      | Reached XP level 2. HP: 25/25 MP: 1/1
   703 | D:2      | Reached skill level 1 in Armour
   703 | D:2      | Reached XP level 3. HP: 31/31 MP: 2/2
  1100 | D:2      | Reached XP level 4. HP: 38/38 MP: 3/3
  1314 | D:2      | Found an iron altar of Okawaru.
  1324 | D:2      | Became a worshipper of Warmaster Okawaru
  1600 | D:3      | Found a radiant altar of Vehumet.
  1829 | D:3      | Reached skill level 5 in Ranged Weapons
  2197 | D:4      | Reached XP level 5. HP: 46/46 MP: 4/4
  2231 | D:4      | Found a hazy altar of Hepliaklqana.
  2315 | D:4      | Reached skill level 1 in Unarmed Combat
  2475 | D:4      | Reached skill level 1 in Maces & Flails
  2571 | D:4      | Reached * piety under Okawaru
  2572 | D:4      | Reached XP level 6. HP: 52/52 MP: 5/5
  2611 | D:4      | Found a runed translucent door.
  2612 | D:4      | Noticed Crazy Yiuf
  2618 | D:4      | Killed Crazy Yiuf
  2707 | D:4      | Reached skill level 1 in Short Blades
  2920 | D:4      | Found a shadowy altar of Dithmenos.
  3324 | D:5      | Entered Level 5 of the Dungeon
  3333 | D:5      | Found a staircase to the Ecumenical Temple.
  3336 | D:5      | Noticed Pikel
  3347 | D:5      | Reached skill level 1 in Invocations
  3358 | D:5      | Killed Pikel
  3358 | D:5      | Reached ** piety under Okawaru
  3359 | D:5      | Reached skill level 5 in Fighting
  3359 | D:5      | Reached skill level 6 in Ranged Weapons
  3359 | D:5      | Reached XP level 7. HP: 17/61 MP: 5/7
  3435 | Temple   | Entered the Ecumenical Temple
  3652 | D:5      | Found an opulent altar of Gozag.
  3711 | D:5      | Reached *** piety under Okawaru
  3712 | D:5      | Reached XP level 8. HP: 69/69 MP: 8/8
  3714 | D:5      | Found a basalt altar of Yredelemnul.
  3890 | D:5      | Reached skill level 5 in Dodging
  4285 | D:5      | Found a sparkling altar of Nemelex Xobeh.
  4303 | D:5      | Reached skill level 5 in Armour
  4942 | D:6      | Reached skill level 7 in Ranged Weapons
  5207 | D:6      | Noticed a manticore
  5217 | D:6      | Killed a manticore
  5217 | D:6      | Reached **** piety under Okawaru
  5218 | D:6      | Reached XP level 9. HP: 51/78 MP: 7/10
  5223 | D:6      | Reached skill level 8 in Ranged Weapons
  5450 | D:6      | Found a burning altar of Makhleb.
  5453 | D:6      | Noticed an Executioner
  5847 | D:7      | Noticed Joseph
  5863 | D:7      | Killed Joseph
  5863 | D:7      | Reached ***** piety under Okawaru
  5864 | D:7      | Reached skill level 5 in Short Blades
  6199 | D:7      | Found a flagged portal.
  6211 | D:7      | Noticed Prince Ribbit
  6278 | D:7      | Reached skill level 9 in Ranged Weapons
  6281 | D:7      | Killed Prince Ribbit
  6506 | D:7      | Reached XP level 10. HP: 86/86 MP: 11/11
  7447 | D:8      | Reached skill level 1 in Long Blades
  7920 | D:8      | Identified the +1 pair of gloves "Guwkol" {rC+ rN+ Regen+
                  | Dex-5 Slay+2} (Okawaru gifted it to you on level 8 of the
                  | Dungeon)
  7920 | D:8      | Received a gift from Okawaru
  7951 | D:8      | Paralysed by a hornet for 1 turns
  9106 | D:9      | Noticed a two-headed ogre
  9112 | D:9      | Killed a two-headed ogre
  9113 | D:9      | Reached skill level 5 in Invocations
  9442 | D:9      | Found a staircase to the Orcish Mines.
  9454 | D:9      | Reached XP level 11. HP: 85/95 MP: 12/14
  9463 | D:9      | Reached skill level 10 in Ranged Weapons
  9613 | D:9      | Found a staircase to the Lair.
  9996 | Lair:1   | Entered Level 1 of the Lair of Beasts
 10220 | Lair:1   | Found a broken altar of Ashenzari.
 10309 | Lair:1   | Reached skill level 5 in Long Blades
 10592 | Lair:1   | Noticed an eight-headed hydra
 10672 | Lair:2   | HP: 3/97 [poisoned by a cane toad]
 11247 | Lair:1   | Killed an eight-headed hydra
 11998 | Lair:2   | Identified the +8 longbow of the Moth {vorpal, rF+ Str+4}
                  | (Okawaru gifted it to you on level 2 of the Lair of Beasts)
 11998 | Lair:2   | Received a gift from Okawaru
 12077 | Lair:2   | Noticed an eight-headed hydra
 12095 | Lair:2   | Killed an eight-headed hydra
 12096 | Lair:2   | Reached skill level 10 in Fighting
 12128 | Lair:2   | Noticed Erica
 12137 | Lair:2   | Killed Erica
 12192 | Lair:2   | Noticed a four-headed hydra
 12197 | Lair:2   | Killed a four-headed hydra
 12197 | Lair:2   | Identified the +1 hat of Peapsow {rC+} (Okawaru gifted it
                  | to you on level 2 of the Lair of Beasts)
 12197 | Lair:2   | Received a gift from Okawaru
 12198 | Lair:2   | Reached XP level 12. HP: 97/106 MP: 16/16
 12277 | Lair:2   | Reached skill level 11 in Ranged Weapons
 13160 | Lair:3   | Reached skill level 10 in Armour
 13387 | Lair:3   | Found a staircase to the Snake Pit.
 14059 | Lair:3   | Noticed an eight-headed hydra
 14065 | Lair:3   | Noticed a five-headed hydra
 14070 | Lair:3   | Killed a six-headed hydra
 14080 | Lair:3   | Killed a two-headed hydra
 14081 | Lair:3   | Reached skill level 10 in Dodging
 14323 | Lair:3   | Found a staircase to the Swamp.
 14859 | Lair:4   | Reached skill level 12 in Ranged Weapons
 15238 | Lair:4   | Noticed a four-headed hydra
 15246 | Lair:4   | Killed a four-headed hydra
 15246 | Lair:4   | Received a gift from Okawaru
 15403 | Lair:4   | Reached XP level 13. HP: 116/116 MP: 17/17
 15673 | Lair:5   | Entered Level 5 of the Lair of Beasts
 15814 | Lair:5   | Received a gift from Okawaru
 15826 | Lair:5   | Reached skill level 13 in Ranged Weapons
 15973 | Lair:5   | Found a viscous altar of Jiyva.
 15974 | Lair:5   | Found a staircase to the Slime Pits.
 16066 | Lair:5   | Noticed Josephine
 16073 | Lair:5   | Killed Josephine
 16079 | Lair:5   | Reached skill level 14 in Ranged Weapons
 16351 | Lair:5   | Reached ****** piety under Okawaru
 17016 | Orc:1    | Entered Level 1 of the Orcish Mines
 17068 | Orc:1    | Received a gift from Okawaru
 17109 | Orc:1    | Reached skill level 15 in Ranged Weapons
 17256 | Orc:1    | You fall into a shaft and drop 1 floor!
 17256 | Orc:2    | Entered Level 2 of the Orcish Mines
 17508 | Orc:2    | Reached XP level 14. HP: 113/129 MP: 15/18
 17560 | Orc:2    | HP: 3/130 [smoke demon/divine providence[an orc high
                  | priest] (15)]
 17727 | Orc:2    | Reached skill level 16 in Ranged Weapons
 17963 | Orc:2    | Received a gift from Okawaru
 18033 | Orc:2    | Found Nackunu's Magic Scroll Shop.
 18034 | Orc:2    | Found Xuecloe's Antique Weapon Shop.
 18037 | Orc:2    | Found Comp's Book Boutique.
 18038 | Orc:2    | Found Wiheequd's Antique Armour Shop.
 18047 | Orc:2    | Bought a bronze chain mail for 180 gold pieces
 18047 | Orc:2    | Identified the +5 chain mail of the Sacrificial Victim
                  | {Str+3} (You bought it in a shop on level 2 of the Orcish
                  | Mines)
 18519 | Swamp:1  | Entered Level 1 of the Swamp
 18539 | Swamp:1  | Slain by a swamp worm

Illustrated notes

Levels and vault maps discovered:
D:1:      amcnicky_arrival_feature_with_door, layout_loops_ring,
          shapermc_ecumenical_altar_mp_vishouse
D:2:      layout_loops_ring, basic_altar, minivault_27
D:3:      layout_loops_ring, general_overflow_altar
D:4:      layout_basic, lemuel_tele_altar, minmay_ruined_shrine,
          uniq_crazy_yiuf_cottage
D:5:      layout_rooms, nemelex_dance_club_becter,
          mainiacjoe_overflow_boulevard, nicolae_gozag_seed_capital,
          minmay_temple_entry_statues, kennysheep_nondescript,
          chequers_serial_rivers_micro_c, uniq_pikel
D:6:      layout_loops_cross, makhleb_altar_promises_db, minmay_manual_mail
D:7:      minmay_clustersquares, layout_basic, nicolae_ossuary_entry_monument,
          enter_bailey_8, uniq_prince_ribbit1, uniq_joseph
D:8:      layout_basic, nrook_mini_backslash
D:9:      layout_basic, minmay_lair_entry_grove
Temple:   compressed_dpeg_triangle_lava_temple
Lair:1:   layout_cave_pods, basic_altar
Lair:2:   layout_gridlike, grunt_megastairs_2, uniq_erica
Lair:3:   layout_gridlike, palyth_hydra_swamp_entry,
          guppyfry_snake_entry_island, nicolae_lair_grove_arrangements,
          grunt_megastairs_4
Lair:4:   layout_roguey, grunt_forest_large_clearings, serial_bayou_shore_a,
          infiniplex_staircase_pool_2, lemuel_fruit_tree
Lair:5:   hellmonk_lair_end_abyssal_woods, layout_long_grid,
          dpeg_slime_entry_enclosed, guppyfry_lair_drakes, uniq_josephine
Swamp:1:  nicolae_swamp_secret_spriggan_hideout, layout_basic_swamp,
          infiniplex_staircase_pool
Orc:1:    layout_diamond_mine
Orc:2:    st_orc_pillars, layout_diamond_mine, dreamdust_deal_with_the_devil,
          lightli_orcish_oven

Skill      XL: |  1  2  3  4  5  6  7  8  9 10 11 12 13 14 |
---------------+-------------------------------------------+-----
Fighting       | 3 4 5 6 7 8 10 11 13 | 13.8
Armour         | 1 2 3 4 5 7 8 9 11 | 11.0
Dodging        | 3 4 5 6 8 9 10 | 10.4
Ranged Weapons | 5 6 7 9 10 12 15 16 | 16.5
Unarmed Combat | 1 |  1.0
Maces & Flails | 1 |  1.1
Short Blades   | 2 3 4 5 |  5.6
Invocations    | 2 3 5 6 7 |  7.0
Long Blades    | 4 6 8 |  8.4
Stealth        | |  0.7

Action                   |  1- 3 |  4- 6 |  7- 9 | 10-12 | 13-15 || total
-------------------------+-------+-------+-------+-------+-------++-------
Melee: Rapier            |       |    20 |    13 |       |       ||    33
       Headbutt          |       |     5 |     5 |    19 |     2 ||    31
       Punch             |       |       |     1 |     3 |       ||     4
       Demon blade       |       |       |       |    22 |       ||    22
       Whip              |       |       |       |     3 |       ||     3
       Scimitar          |       |       |       |    75 |     7 ||    82
 Fire: Shortbow          |    50 |   132 |   182 |   381 |       ||   745
       Longbow           |       |       |       |   174 |   513 ||   687
Invok: Heroism           |       |     1 |     4 |    12 |     9 ||    26
       Finesse           |       |       |     1 |     4 |     5 ||    10
  Use: Potion            |     1 |       |    10 |     4 |     1 ||    16
       Scroll            |     1 |       |     7 |     8 |     5 ||    21
Armor: Leather armour    |     9 |    25 |     1 |       |       ||    35
       Ring mail         |       |       |    23 |   103 |    60 ||   186
       Chain mail        |       |       |       |       |    11 ||    11
Dodge: Dodged            |     9 |    90 |    76 |   377 |   246 ||   798
